 Dungeon Crawl Stone Soup version 0.28.0-53-g5a82cb258f (webtiles) character file.

Game seed: 6092846901175975020

228 safid the Chopper (level 6, -4/52 HPs)
             Began as a Hill Orc Fighter on Aug 20, 2022.
             Killed from afar by Sigmund (5 damage)
             ... with a magic dart
             ... on level 4 of the Dungeon.
             The game lasted 00:03:43 (3443 turns).

safid the Chopper (Hill Orc Fighter)                Turns: 3443, Time: 00:03:44

Health: -4/52      AC:  9    Str: 21    XL:     6   Next: 2%
Magic:  6/6        EV:  7    Int:  8    God:
Gold:   126        SH:  0    Dex: 10    Spells: 5/5 levels left

rFire   . . .      SeeInvis .   a - +0 war axe
rCold   . . .      Faith    .   c - +0 buckler
rNeg    . . .      Spirit   .   o - +0 chain mail
rPois   .          Reflect  .   (no helmet)
rElec   .          Harm     .   (no cloak)
rCorr   .          Rampage  .   (no gloves)
Will    .....                   (no boots)
Stlth   ..........              (no amulet)
HPRegen 0.17/turn               (no ring)
MPRegen 0.10/turn               (no ring)

@: confused, mighty, slowed, very slow
A: no striking features
a: no special abilities


You were on level 4 of the Dungeon.
You visited 1 branch of the dungeon, and saw 4 of its levels.

You collected 126 gold pieces.

Inventory:

Hand Weapons
 a - a +0 war axe (weapon)
Missiles
 i - 3 poisoned darts (quivered)
Armour
 b - a +0 scale mail
 c - a +0 buckler (worn)
 o - a +0 chain mail (worn)
Wands
 p - a wand of polymorph (3)
Scrolls
 f - a scroll of amnesia {unknown}
 g - 3 scrolls of magic mapping {unknown}
 k - 2 scrolls of teleportation {unknown}
 m - 2 scrolls of identify {unknown}
 n - a scroll of fog {unknown}
 s - a scroll of vulnerability {unknown}
 t - a scroll of silence {unknown}
 u - a scroll of noise {unknown}
Potions
 e - a potion of magic {unknown}
 h - a potion of brilliance {unknown}
 j - a potion of heal wounds {unknown}
 l - a potion of curing {unknown}
 q - a potion of haste {unknown}
 r - a potion of attraction {unknown}


   Skills:
 - Level 4.0 Fighting
 + Level 6.8 Axes
 - Level 4.0 Armour
 - Level 4.0 Shields


You had 5 spell levels left.
You didn't know any spells.
Your spell library contained the following spells:

 Spells                   Type           Power      Damage    Failure   Level
 Gell's Gravitas          Tloc           0%         N/A       100%        3
 Ignite Poison            Fire/Tmut/Pois 0%         N/A       100%        3
 Mephitic Cloud           Conj/Pois/Air  0%         N/A       100%        3
 Teleport Other           Tloc           0%         N/A       100%        3
 Freezing Cloud           Conj/Ice/Air   0%         6-21      100%        5
 Dispersal                Tloc           0%         N/A       100%        6


Dungeon Overview and Level Annotations

Branches:
Dungeon (4/15)
 Temple: D:4-7

Altars:
Fedhas
Sif Muna
Yredelemnul
Zin

Annotations:
D:4 Sigmund


Message History

You block Sigmund's attack.
The orc wizard hits you with a +0 dagger.
Natasha claws you.
You slash the orc wizard!
You kill the orc wizard!
You slash Natasha! Natasha claws you but does no damage.
Sigmund gestures wildly while chanting.
Sigmund flickers and vanishes!
Deactivating autopickup; reactivate with Ctrl-A.
Natasha claws you!
You hear some strange, mumbled words.
A puff of flame appears from out of thin air!
The puff of flame hits you.
You feel very mighty all of a sudden. Natasha claws you. Something hits you!
Unknown command.
You slash Natasha!
You kill Natasha!
Natasha growls in agony!
Something hits you but does no damage.
You have reached level 6!
Something hits you.
* * * LOW HITPOINT WARNING * * *
You see here a +0 dagger.
You slash something! Something hits you.
* * * LOW HITPOINT WARNING * * *
You miss something.
You hear some strange, mumbled words.
A puff of flame appears from out of thin air!
The puff of flame hits you.
* * * LOW HITPOINT WARNING * * *
Something hits you.
* * * LOW HITPOINT WARNING * * *
You slash something!
You hear some strange, mumbled words.
You are confused.
You hear some strange, mumbled words.
A magic dart appears from out of thin air!
The magic dart hits you.
You die...

#.........#
#.......#
#.......[.#
#.....#.#
#.........# .. ....
######..####.##..##
##.###........
#...#........
###.#†.......
#####.)).....<.
........@{......
................
................
.........>.?....
.........#.#####
########.#)# #...#
...##


There were no monsters in sight!

Vanquished Creatures
  A bullfrog skeleton (D:4)
  Ijyb (D:3)
  An orc wizard (D:4)
  Natasha (D:4)
  4 gnolls (D:2)
  An adder (D:2)
  A worm (D:2)
  2 dart slugs (D:1)
  3 orcs (D:4)
  4 endoplasms
  4 giant cockroaches
  7 goblins
  4 hobgoblins
  3 jackals (D:2)
  5 quokkas
  5 ball pythons
  4 bats
  4 frilled lizards
  7 kobolds
  4 rats
66 creatures vanquished.

Notes
Turn   | Place    | Note
-------+----------+-------------------------------------------
     0 | D:1      | safid the Hill Orc Fighter began the quest for the Orb.
     0 | D:1      | Reached XP level 1. HP: 19/19 MP: 1/1
   296 | D:1      | Reached XP level 2. HP: 25/27 MP: 2/2
   382 | D:1      | Found a faded altar of an unknown god.
   390 | D:1      | Reached skill level 3 in Axes
   844 | D:1      | Reached XP level 3. HP: 16/33 MP: 3/3
  1182 | D:1      | Found a shimmering blue altar of Sif Muna.
  1832 | D:2      | Reached XP level 4. HP: 35/40 MP: 4/4
  1926 | D:2      | Reached skill level 4 in Axes
  2493 | D:3      | Noticed Ijyb
  2690 | D:3      | Killed Ijyb
  2691 | D:3      | Reached skill level 5 in Axes
  2691 | D:3      | Reached XP level 5. HP: 41/46 MP: 5/5
  2790 | D:3      | Found a blossoming altar of Fedhas.
  2912 | D:3      | Found a basalt altar of Yredelemnul.
  3145 | D:3      | Found a glowing silver altar of Zin.
  3382 | D:4      | Reached skill level 6 in Axes
  3431 | D:4      | Noticed Natasha
  3431 | D:4      | Noticed Sigmund
  3439 | D:4      | Killed Natasha
  3440 | D:4      | Reached XP level 6. HP: 16/52 MP: 6/6
  3442 | D:4      | HP: 1/52 [something (2)]
  3443 | D:4      | Killed from afar by Sigmund

Illustrated notes

Levels and vault maps discovered:
D:1:      dpeg_arrival_water_altar, layout_loops_ring, basic_ecumenical_altar,
          grunt_decor_arrowhead, minmay_misc_feat_ornament
D:2:      layout_loops_cross
D:3:      layout_loops_ring, mainiacjoe_overflow_boulevard,
          mainiacjoe_overflow_catwalk, yredelemnul_altar_generic, uniq_ijyb
D:4:      layout_rooms, uniq_sigmund, uniq_natasha, uniq_robin

Skill      XL: |  1  2  3  4  5 |
---------------+----------------+-----
Axes           | 3 5 6 |  6.8
Fighting       | 4 |  4.0
Armour         | 4 |  4.0
Shields        | 4 |  4.0

Action                   |  1- 3 |  4- 6 || total
-------------------------+-------+-------++-------
Melee: War axe           |   117 |    94 ||   211
       Unarmed           |       |    29 ||    29
  Use: Potion            |       |     1 ||     1
Armor: Scale mail        |    56 |       ||    56
       Chain mail        |     2 |    40 ||    42
       Skin              |       |    17 ||    17
Dodge: Dodged            |    44 |    29 ||    73
Block: Buckler           |    32 |    26 ||    58
